 Dungeon Crawl Stone Soup version 0.31-a0-988-g08d55dae12 (webtiles) character file.

Game seed: 18374897301649904445

4 GordonOverkill the Sneak (level 1, -6/18 HPs)
             Began as a Merfolk Delver on Nov 4, 2023.
             Mangled by a gnoll
             ... wielding a +0 whip
              (8 damage)
             ... on level 6 of the Dungeon.
             The game lasted 00:02:01 (367 turns).

GordonOverkill the Sneak (Merfolk Delver)            Turns: 367, Time: 00:02:02

Health: -6/18      AC:  3    Str: 12    XL:     1   Next: 60%
Magic:  1/1        EV: 12    Int:  9    God:
Gold:   54         SH:  0    Dex: 15    Spells: 0/0 levels left

rFire   . . .        a - +0 spear
rCold   . . .        (no shield)
rNeg    . . .        b - +0 leather armour
rPois   .            (no helmet)
rElec   .            (no cloak)
rCorr   .            (no gloves)
SInv    .            (no boots)
Will    .....        (no amulet)
Stlth   +++          (no ring)
HPRegen 0.23/turn    (no ring)
MPRegen 0.07/turn

%: no passive effects
@: no status effects
A: (nimble swimmer 2), mertail
a: no special abilities


You were on level 6 of the Dungeon.
You visited 1 branch of the dungeon, and saw 4 of its levels.

You collected 54 gold pieces.

Inventory:

Hand Weapons
 a - a +0 spear (weapon)
Missiles
 h - 8 boomerangs (quivered)
Armour
 b - a +0 leather armour (worn)
 i - a +0 ring mail
Wands
 g - a wand of digging (3)
 j - a wand of paralysis (9)
Scrolls
 c - a scroll of fog
 d - a scroll of revelation
 e - a scroll of fear
Potions
 f - a potion of haste
 k - a potion of curing {unknown}


   Skills:
 + Level 3.4 Fighting
 + Level 2.9 Polearms
 + Level 0.1 Throwing
 - Level 2.6 Dodging
 - Level 5.4 Stealth
 + Level 0.1 Evocations


You couldn't memorise any spells.
You didn't know any spells.
Your spell library was empty.

Dungeon Overview and Level Annotations

Branches:
Dungeon (8/15)
 Temple: D:4-7         Lair: D:8-11

Altars:
Uskayaw


Innate Abilities, Weirdness & Mutations

((You are very nimble when in or above water. (Stealth+, EV+, Speed+++)))
Your lower body shifts to a powerful aquatic tail in water.


Message History

A scorpion comes into view.
The scorpion moves out of view.
There is a large open door here.
A gnoll comes into view. It is wielding a +0 whip.
The gnoll shouts!
You reach to attack!
You hit the gnoll but do no damage. You hit the gnoll but do no damage.
You hit the gnoll.
The gnoll is lightly wounded.
The gnoll barely misses you.
You completely miss the gnoll. You punch the gnoll, but do no damage.
The gnoll is lightly wounded.
The gnoll closely misses you.
You hit the gnoll but do no damage.
The gnoll is lightly wounded.
The gnoll hits you with a +0 whip.
You barely miss the gnoll.
The gnoll is lightly wounded.
The gnoll barely misses you.
You hit the gnoll.
The gnoll is moderately wounded.
The gnoll hits you with a +0 whip.
You are too injured to fight recklessly!
You are too injured to fight recklessly!
You hit the gnoll.
The gnoll is heavily wounded.
The gnoll hits you with a +0 whip!
* * * LOW HITPOINT WARNING * * *
You are too injured to fight recklessly!
You hit the gnoll.
The gnoll is severely wounded.
The gnoll closely misses you.
You hit the gnoll.
The gnoll is severely wounded.
The gnoll hits you with a +0 whip.
* * * LOW HITPOINT WARNING * * *
You closely miss the gnoll.
The gnoll is severely wounded.
The gnoll hits you with a +0 whip!
You die...

#...##.####
#....#....#
#....#....#
#....#....####
#.............
#...#..#.####+#
######.#..##.8.##
#g##..##...##
#.@....##...##
####.#..##...##
...
#.....''.8.++...
###..##...##..#
##..##...##..###
##..##...##.....#
#..##.8.##......+
#.####'##.......#
#...............#


You could see a gnoll.

Vanquished Creatures
  2 orcs
2 creatures vanquished.

Notes
Turn   | Place    | Note
-------+----------+-------------------------------------------
     0 | D:5      | GordonOverkill the Merfolk Delver began the quest for the
                  | Orb.
     0 | D:5      | Reached XP level 1. HP: 18/18 MP: 1/1
    16 | D:7      | Found a hide-covered altar of Uskayaw.
    80 | D:8      | Noticed a bullfrog
   233 | D:5      | Noticed an orc wizard
   273 | D:5      | Noticed an ogre
   321 | D:6      | Noticed a scorpion
   367 | D:6      | Mangled by a gnoll

Illustrated notes

Levels and vault maps discovered:
D:5:      layout_basic, due_unseen_surprise
D:6:      layout_gridville, marbit_many_paths, minmay_temple_entry_poolview,
          grunt_decor_arrowhead, uniq_pikel, uniq_maggie
D:7:      layout_basic, old_standard_altar
D:8:      cheibrodos_wizards_tower, layout_basic, nicolae_ashenzari_panopticon,
          nicolae_wu_jian_wuxing_cycle, fedhas_altar_3, serial_shops,
          kennysheep_mini_moat, kennysheep_generic_room_9

Action                     || total
---------------------------++-------
  Melee: Spear             ||    16
         Punch             ||     1
   Stab: Sleeping          ||     1
 Armour: Leather armour    ||     7
  Dodge: Dodged            ||     6

Table legend: (Time is in decaauts)
 A = Elapsed time spent in this place.
 B = Non-inter-level travel time spent in this place.
 C = Inter-level travel time spent in this place.
 D = Time resting spent in this place.
 E = Time spent auto-exploring this place.
 F = Levels seen in this place.
 G = Mean time per level.
                   A        B        C        D        E       F      G
               +--------+--------+--------+--------+--------+-----+--------+
         Total |    368 |    338 |     30 |     32 |      0 |   4 |   92.0 |
       Dungeon |    368 |    338 |     30 |     32 |      0 |   4 |   92.0 |
               +--------+--------+--------+--------+--------+-----+--------+

Top non-repeatable levels by time:
     D:6: 141 daAuts
     D:7: 124 daAuts
     D:5: 86 daAuts
     D:8: 15 daAuts
